 Dungeon Crawl Stone Soup version 0.18-a0-1303-g41c131c (webtiles) character file.

84 Ratboiler the Slasher (level 4, -17/27 HPs)
             Began as a Deep Elf Wanderer on Feb 12, 2016.
             Was an Initiate of Gozag.
             Demolished by Crazy Yiuf
             ... wielding a +2 quarterstaff of chaos
              (18 damage)
             ... on level 2 of the Dungeon.
             The game lasted 00:09:21 (2664 turns).

Ratboiler the Slasher (Deep Elf Wanderer)           Turns: 2664, Time: 00:09:22

Health: -17/27     AC:  5    Str:  9    XL:     4   Next: 24%
Magic:  6/6        EV: 12    Int: 17    God:    Gozag
Gold:   312        SH:  0    Dex: 15    Spells: 0 memorised, 3 levels left

rFire  . . .     SeeInvis .     a - +0 falchion
rCold  . . .     Gourm    .     r - +0 animal skin
rNeg   . . .     Faith    .     (no shield)
rPois  .         Spirit   .     s - +2 helmet
rElec  .         Dismiss  .     (no cloak)
rCorr  .         Reflect  .     (no gloves)
SustAt .         Harm     .     (no boots)
MR     .....                    t - amulet of magic regeneration
Stlth  ++........               (no ring)
                                (no ring)

@: drained, not resistant to hostile enchantments, unstealthy
A: no striking features
a: Potion Petition, Call Merchant, Bribe Branch, Renounce Religion


You were on level 2 of the Dungeon.
You worshipped Gozag.
Gozag was noncommittal.
You were not hungry.

You visited 1 branch of the dungeon, and saw 2 of its levels.

You collected 312 gold pieces.

Inventory:

Hand Weapons
 a - a +0 falchion (weapon)
 b - a +0 hunting sling
 m - a +2 blowgun
Missiles
 c - 2 curare-tipped needles
 j - 108 stones (quivered)
 o - 18 sling bullets
Armour
 e - a +0 robe
 r - a +0 animal skin (worn)
 s - a +2 helmet (worn)
Jewellery
 t - an amulet of magic regeneration (around neck)
Scrolls
 h - a scroll of teleportation
 n - a scroll of fog
 p - 2 scrolls of immolation
 q - a scroll of remove curse
Potions
 d - 3 potions of curing
 g - a potion of agility {unknown}
 i - a potion of might {unknown}
 k - a potion of magic {unknown}
 l - a potion of cure mutation {unknown}
Comestibles
 f - 3 bread rations


   Skills:
 + Level 2.4(2.1) Fighting
 + Level 4.5(4.2) Long Blades
   Level 1.0(0.7) Axes
 - Level 1.0(0.7) Throwing
 - Level 1.0(0.7) Armour
 - Level 1.2(0.9) Dodging
 - Level 1.2(0.9) Stealth


You had 3 spell levels left.
You didn't know any spells.

Dungeon Overview and Level Annotations

Branches:
Dungeon (2/15)

Altars:
Gozag
Okawaru

Annotations:
D:2 Crazy Yiuf


Message History

You shoot a stone. The stone hits Crazy Yiuf.
Crazy Yiuf is moderately wounded.
a - a +0 falchion (weapon)
You hit Crazy Yiuf.
Crazy Yiuf is heavily wounded.
Crazy Yiuf says, "Aardvark tired snockshim!"
Crazy Yiuf hits you with a quarterstaff of chaos.
Crazy Yiuf draws strength from your injuries!
You hit Crazy Yiuf.
Crazy Yiuf is heavily wounded.
Crazy Yiuf hits you with a quarterstaff of chaos!
You feel drained.
You hit Crazy Yiuf.
Crazy Yiuf is heavily wounded.
Crazy Yiuf hits you with a quarterstaff of chaos!
* * * LOW HITPOINT WARNING * * *
You are electrocuted!
Ouch! That really hurt!
You die...
Your body crumbles into a pile of gold.

##### #)(.#
#...# .(.
### #g#
#.##########
♣@♣♣
#...........
♣♣.♣
#.#.########
♣.♣♣
#.#.........
♣♣.♣
#.......###.
♣♣.♣♣
#...........
♣♣PP.♣
#.......##..
♣P♣.P♣
###########.
#....# #.
#....# #.


You could see Crazy Yiuf.

Vanquished Creatures
  Robin (D:2)
  2 adders (D:2)
  A worm (D:2)
  3 giant cockroaches (D:2)
  16 goblins
  5 hobgoblins
  7 kobolds
  A quokka (D:2)
  3 bats
  2 giant newts (D:2)
  8 rats
  A fungus (D:2)
50 creatures vanquished.

Notes
Turn   | Place    | Note
--------------------------------------------------------------
     0 | D:1      | Ratboiler the Deep Elf Wanderer began the quest for the Orb.
     0 | D:1      | Ratboiler set off with: 4 curare-tipped needles, a +2 blowgun, a +0 falchion, a potion of curing, a +0 robe, a bread ration
     0 | D:1      | Reached XP level 1. HP: 12/12 MP: 3/3
   848 | D:1      | Reached XP level 2. HP: 16/16 MP: 4/4
  1089 | D:2      | Found a faded altar to an unknown god.
  1147 | D:2      | Became a worshipper of Gozag Ym Sagoz the Greedy
  1183 | D:2      | Noticed Robin
  1564 | D:2      | Reached skill level 4 in Long Blades
  1618 | D:2      | Reached XP level 3. HP: 14/21 MP: 5/5
  1628 | D:2      | Found an iron altar of Okawaru.
  2151 | D:2      | Reached XP level 4. HP: 26/26 MP: 6/6
  2193 | D:2      | Killed Robin
  2657 | D:2      | Noticed Crazy Yiuf
  2664 | D:2      | HP: 1/27 [Crazy Yiuf/quarterstaff of chaos (12)]
  2664 | D:2      | Demolished by Crazy Yiuf

Vault maps used:
D:1:      nicolae_arrival_memento_mori
D:2:      ecumenical_altar_2, okawaru_ov_weapons_minmay, uniq_robin,
          uniq_crazy_yiuf_cottage

Action                   |  1- 3 |  4- 6 || total
-------------------------+-------+-------++-------
Melee: Falchion          |    40 |    30 ||    70
 Fire: Blowgun           |     2 |     1 ||     3
       Hunting sling     |   120 |    14 ||   134
Throw: Stone             |    19 |       ||    19
  Use: Scroll            |     4 |       ||     4
 Stab: Sleeping          |     2 |       ||     2
  Eat: Meat ration       |     1 |       ||     1
       Chunk             |     1 |       ||     1
